 Dungeon Crawl Stone Soup version 0.27-a0-1359-ga2a4dfd6fd (webtiles) character file.

Game seed: 3330392944954014643

6 sanka the Magician (level 2, -16/21 HPs)
             Began as a Djinni Summoner on June 28, 2021.
             Killed from afar by a white imp (19 damage)
             ... with a puff of frost
             ... summoned by the player character
             ... on level 1 of the Dungeon.
             The game lasted 00:01:17 (927 turns).

sanka the Magician (Djinni Summoner)                 Turns: 927, Time: 00:01:18

Health: -16/21     AC:  2    Str:  7    XL:     2   Next: 0%
Gold:   60         EV: 12    Int: 16    God:
                   SH:  0    Dex: 13

rFire    + + .     SeeInvis .   (no weapon)
rCold    x . .     Faith    .   (no shield)
rNeg     . . .     Spirit   .   a - +0 robe
rPois    ∞         Reflect  .   (no helmet)
rElec    .         Harm     .   (no cloak)
rCorr    .         Rampage  .   (no gloves)
Will     .....                  (boots unavailable)
Stlth    ++........             (no amulet)
HPRegen  0.07/turn              (no ring)
MPRegen  0.00/turn              (no ring)

@: flying
A: sickness immunity, fire resistance 2, cold vulnerability 1, float, innate
caster, hp casting, extra vitality 1
a: no special abilities


You were on level 1 of the Dungeon.
You visited 1 branch of the dungeon, and saw 1 of its levels.

You collected 60 gold pieces.


Innate Abilities, Weirdness & Mutations

You are immune to sickness and miasma.
You are immune to poison.
Your flesh is very heat resistant. (rF++)
You are vulnerable to cold. (rC-)
You float through the air rather than walking.
You learn spells naturally, not from books.
Your magical power is your life essence.
You have superior vitality. (+4 HP)


   Skills:
 - Level 2.1 Dodging
 - Level 1.5 Stealth
 + Level 3.5 Spellcasting


You couldn't memorise any spells.
You knew the following spells:

 Your Spells              Type           Power      Damage    Failure   Level
c - Call Canine Familiar  Summ           14%        N/A       12%         3
v - Summon Ice Beast      Ice/Summ       14%        N/A       38%         4
x - Summon Small Mammal   Summ           56%        N/A       4%          1
z - Call Imp              Summ           14%        N/A       6%          2
X - Summon Lightning Spi  Summ/Air       14%        N/A       38%         4
Z - Summon Guardian Gole  Hex/Summ       14%        N/A       12%         3
Your spell library was empty.

Inventory:

Armour
 a - a +0 robe (worn)
Scrolls
 c - 3 scrolls of identify {unknown}
 d - a scroll of enchant weapon {unknown}
Potions
 b - a potion of flight {unknown}
 e - a potion of berserk rage {unknown}

Dungeon Overview and Level Annotations

Branches:
Dungeon (1/15)

Altars:

▒▒.▒.▒▒.....▒
▒▒▒.....▒.▒▒▒.▒
....▒.......▒.▒
▒▒▒.....▒.▒.▒.▒▒▒▒
▒▒.▒.▒▒........▒
▒.▒.▒▒▒▒▒▒▒▒▒.▒
▒▒▒▒.▒.▒ ▒.▒
.....▒.▒ ▒.▒
▒▒▒▒▒▒.▒ ▒R▒ ▒.▒
▒.▒ ▒.▒ ▒K▒ ▒ ▒.▒
▒5▒ ▒▒▒.▒▒.▒ ▒.▒
▒..▒...▒▒▒▒▒▒▒▒▒.▒
▒...▒..▒5...._..▒
▒...▒..▒▒▒▒▒▒▒▒
▒...▒.†.▒.▒


You could see a kobold (ally target) and a friendly white imp (summoned).


Message History

Unknown command.
You closely miss the kobold.
The kobold hits you with a +0 short sword.
Your crimson imp completely misses the kobold.
Unknown command.
You barely miss the kobold.
The kobold hits you with a +0 short sword.
* * * LOW HITPOINT WARNING * * *
Your crimson imp closely misses the kobold.
The dart slug launches a dart at you. The slug dart hits your crimson imp.
A beastly little devil appears in a puff of frigid air.
* * * LOW HITPOINT WARNING * * *
The kobold hits you but does no damage.
Unknown command.
There is a faded altar of an unknown god here.
You closely miss the kobold.
The kobold hits you with a +0 short sword.
* * * LOW HITPOINT WARNING * * *
You miss the kobold. The kobold closely misses you.
You barely miss the kobold.
The kobold hits you with a +0 short sword.
* * * LOW HITPOINT WARNING * * *
Your white imp gestures at the kobold.
The puff of frost misses the kobold.
The puff of frost hits you!!
You feel a terrible chill!
Ouch! That really hurt!
You die...

Action                   || total
-------------------------++-------
Melee: Unarmed           ||    18
 Cast: Summon Small Mamm ||    20
       Call Imp          ||     2
Armor: Robe              ||     5
Dodge: Dodged            ||    11

Levels and vault maps discovered:
D:1:      saegor_arrival_simple_a, layout_loops_ring, basic_ecumenical_altar,
          hex_medium, feat_on_display

Notes
Turn   | Place    | Note
-------+----------+-------------------------------------------
     0 | D:1      | sanka the Djinni Summoner began the quest for the Orb.
     0 | D:1      | Reached XP level 1. HP: 15/15 MP: 0/0
   808 | D:1      | Found a faded altar of an unknown god.
   858 | D:1      | Reached XP level 2. HP: 18/21 MP: 0/0
   927 | D:1      | Killed from afar by a white imp

Vanquished Creatures (collateral kills)
  An endoplasm (D:1)
  A hobgoblin (D:1)
  A ball python (D:1)
  A bat (D:1)
  3 frilled lizards (D:1)
  A kobold (D:1)
  A rat (D:1)
9 creatures vanquished.
